Map: Пытливые умы РВ

Players

ИИ 1 (боец)

  • Race: Protoss Protoss

amon - Winner!

  • Race: Terran Terran
  • League: Platinum

VOD

Have the link to the VOD?

Description

Bongcloud from a gold player

Time

  • Played on: April 26, 2022, 12:57 p.m.
  • Length: 12:50
Show
View Real Time Build Order
Export as new Build Order

ИИ 1 (боец) Protoss 

Build Orders:  

Get SALT Encoding   

  12  0:00  Probe  
  13  0:13  Probe  
  14  0:20  Pylon  
  14  0:25  Probe  
  15  0:34  Probe  
  15  0:42  Probe  
  16  0:48  Assimilator  
  17  0:51  Gateway  
  17  0:52  Probe  
  18  1:01  Pylon  
  18  1:26  Gateway  
  18  1:33  Assimilator  
  18  1:38  Zealot  
  20  1:43  Cybernetics Core  
  20  1:58  Zealot  
  22  2:14  Pylon  
  22  2:19  Warp Gate, Stalker  
  24  2:30  Probe  
  24  2:36  Stalker  
  27  2:42  Probe  
  28  2:48  Pylon  
  28  2:52  Stalker  
  28  2:54  Probe  
  31  3:04  Forge  
  31  3:05  Probe  
  31  3:09  Stalker  
  34  3:13  Probe  
  35  3:21  Probe  
  36  5:13  Probe  
  36  5:29  Probe  
  36  5:33  Sentry  
  39  5:35  Photon Cannon  
  39  5:37  Photon Cannon  
  39  5:39  Pylon  
  39  5:42  Robotics Facility  
  39  5:45  Adept, Stargate  
  39  5:48  Twilight Council  
  41  5:52  Gateway  
  41  5:57  Probe, Forge  
  41  5:58  Sentry  
  41  5:59  Pylon  
  34  6:10  Sentry  
  34  6:17  Nexus  
  34  6:22  Adept  
  36  6:30  Observer  
  37  6:34  Stalker  
  39  6:46  Stalker  
  41  6:51  Observer  
  41  6:58  Zealot  
  43  7:10  Zealot  
  45  7:23  Stalker  
  47  7:30  Probe  
  47  7:33  Probe  
  47  7:35  Stalker  
  51  7:41  Assimilator  
  51  7:42  Probe, Pylon  
  52  7:45  Probe, Pylon  
  52  7:46  Assimilator  
  53  7:54  Probe  
  53  7:57  Probe  
  55  8:06  Probe, Photon Cannon  
  55  8:08  Photon Cannon  
  55  8:09  Probe  
  57  8:18  Probe  
  58  8:21  Probe  
  58  8:26  Probe  
  59  8:34  Probe x2  
  62  8:43  Probe  
  62  8:46  Probe  
  64  8:55  Probe  
  64  8:58  Probe  
  66  9:08  Probe  
  67  9:10  Probe  
  68  9:20  Probe  
  68  9:21  Probe  
  70  9:29  Probe  
  70  9:32  Probe  
  72  9:54  Immortal, Protoss Ground Armor Level 1, Protoss Ground Weapons Level 1  
  72  9:56  Gateway  
  76  10:02  Robotics Bay  
  76  10:03  Zealot  
  78  10:07  Robotics Facility  
  78  10:08  Pylon  
  78  10:09  Dark Shrine  
  78  10:12  Stargate  
  78  10:14  Adept  
  58  10:22  Stalker  
  60  10:31  Zealot  
  60  10:33  Warp Prism  
  64  10:39  Zealot  
  66  10:48  Stalker  
  66  10:49  Gravitic Boosters  
  68  10:53  Warp Prism  
  68  10:56  Stalker  
  72  11:05  Sentry  
  72  11:09  Nexus  
  72  11:10  Observer  
  75  11:21  Immortal  
  79  11:37  Stalker  
  81  11:44  Zealot  
  74  11:52  Warp Prism, Stalker  
  32  12:13  Zealot  
  32  12:20  Stalker  
  23  12:24  Probe, Pylon  
  23  12:27  Probe  
  23  12:28  Pylon  
  17  12:32  Stargate  
Show
View Real Time Build Order
Export as new Build Order

amon Terran - Winner!

Build Orders:  

Get SALT Encoding   

  12  0:24  Supply Depot  
  12  0:43  SCV  
  13  1:06  Barracks, SCV  
  14  1:13  Refinery  
  14  1:18  SCV  
  15  1:30  SCV  
  16  1:42  SCV  
  17  1:55  Orbital Command  
  17  1:58  Barracks Tech Lab  
  17  2:01  Barracks  
  17  2:23  Stimpack  
  17  2:29  Marine  
  18  2:41  Supply Depot  
  18  2:47  Marine, SCV  
  18  2:50  Marine  
  21  2:59  SCV  
  21  3:04  Factory, Marine  
  23  3:07  Refinery  
  23  3:08  Marine  
  23  3:12  SCV  
  25  3:22  Marine  
  25  3:24  SCV  
  25  3:26  Marine  
  28  3:36  SCV  
  29  3:42  Marine  
  29  3:44  Marine  
  31  3:52  Starport  
  31  3:54  Supply Depot  
  31  3:59  Supply Depot  
  31  4:15  Barracks Tech Lab, SCV  
  32  4:18  Barracks Reactor  
  32  4:27  SCV  
  33  4:32  Command Center, Siege Tank  
  36  4:40  Medivac, SCV  
  39  5:08  Combat Shield  
  39  5:10  Medivac  
  41  5:18  Marine x2  
  43  5:21  Marine  
  43  5:28  SCV  
  45  5:36  Marine x2  
  45  5:37  Fusion Core  
  47  5:43  Marine, SCV  
  47  5:44  Supply Depot  
  47  5:46  Supply Depot  
  49  5:54  Marine x2  
  49  5:55  SCV  
  47  6:23  Orbital Command  
  47  6:25  Refinery  
  47  6:28  Refinery  
  47  6:37  Marine x2  
  47  6:38  Siege Tank  
  52  6:53  Bunker  
  52  6:54  Marine x2  
  54  7:01  Supply Depot  
  54  7:02  Supply Depot  
  54  7:10  Siege Tank  
  54  7:12  Marine x2  
  59  7:16  Barracks Reactor  
  59  7:19  Battlecruiser  
  65  7:23  SCV x2  
  67  7:35  SCV x2  
  67  7:37  Marine x2  
  69  7:42  Siege Tank  
  74  7:47  SCV x2  
  76  7:52  Marine x2  
  76  7:54  Marine  
  76  7:55  Marine  
  80  8:03  Supply Depot  
  80  8:10  Marine x2  
  82  8:15  Siege Tank  
  85  8:23  Battlecruiser  
  85  8:26  Supply Depot  
  91  8:27  Weapon Refit  
  91  8:28  Marine x2  
  91  8:29  Marine x2  
  95  8:46  Marine x3  
  95  8:47  Siege Tank  
  101  8:48  Supply Depot  
  101  8:49  Marine  
  102  9:04  Marine x2  
  104  9:14  Supply Depot  
  104  9:15  Engineering Bay  
  105  9:17  SCV x2  
  105  9:22  Siege Tank  
  109  9:29  SCV  
  110  9:34  Battlecruiser  
  116  9:43  Marine x3  
  119  9:47  Terran Infantry Weapons Level 1  
  119  9:54  Siege Tank  
  119  9:59  Supply Depot  
  122  10:04  Marine x4  
  124  10:21  Marine  
  124  10:22  Marine x3  
  124  10:23  Supply Depot  
  124  10:26  Siege Tank  
  131  10:39  Command Center  
  131  10:58  Siege Tank  
  131  11:00  Battlecruiser, Marine  
  131  11:01  Marine  
  142  11:08  Supply Depot  
  142  11:10  Supply Depot, Marine x2  
  144  11:11  Supply Depot  
  144  11:18  Marine  
Tags
 
Add a new tag
Caveats
  • Supply blocks, unpowered buildings, or Contaminate may cause inaccurate times.
  • Supply counts are checked every 10 seconds.